 Seeded DCSS version 0.30-a0-534-gdc55766716 (webtiles) character file.

Game seed: 15565266575585844804 (custom seed)

142 innerfire433 the Trooper (level 5, -2/63 HPs)
             Began as a Demonspawn Monk on Dec 24, 2022.
             Slain by an orc
             ... wielding a +0 trident
              (4 damage)
             ... on level 4 of the Dungeon.
             The game lasted 00:03:54 (2039 turns).

innerfire433 the Trooper (Demonspawn Monk)          Turns: 2039, Time: 00:03:55

Health: -2/63      AC: 22    Str: 13    XL:     5   Next: 3%
Magic:  5/5        EV:  2    Int: 18    God:
Gold:   189        SH:  0    Dex: 15    Spells: 4/4 levels left

rFire   . . .      SeeInvis .    a - +0 short sword
rCold   . . .      Faith    .    (no shield)
rNeg    . . .      Spirit   .    (body armour currently unavailable)
rPois   +          Reflect  .    (helmet currently unavailable)
rElec   .          Harm     .    (cloak currently unavailable)
rCorr   .          Rampage  .    (gloves currently unavailable)
Will    .....      NoTele   +    (boots currently unavailable)
Stlth   +                        (no amulet)
HPRegen 0.30/turn                f - +6 ring of intelligence
MPRegen 0.18/turn                o - ring of poison resistance

@: confused, mighty, tree-form (expiring)
A: stationary, stasis, torment immunity, boosted hp, (molten scales 1), magic
regeneration, (demonic touch 1)
a: no special abilities


You were on level 4 of the Dungeon.
You were a tree.
You visited 1 branch of the dungeon, and saw 4 of its levels.

You collected 189 gold pieces.

Inventory:

Hand Weapons
 a - a +0 short sword (weapon)
Armour
 b - a +0 robe
 k - a +0 pair of boots (melded)
 p - a +0 leather armour (melded)
Jewellery
 f - a +6 ring of intelligence (left branch)
 o - a ring of poison resistance (right branch)
Scrolls
 g - 4 scrolls of identify {unknown}
 h - 5 scrolls of amnesia {unknown}
 m - a scroll of teleportation {unknown}
 n - a scroll of vulnerability {unknown}
 q - a scroll of silence {unknown}
 r - a scroll of fog {unknown}
 s - a scroll of enchant armour {unknown}
 t - 2 scrolls of magic mapping {unknown}
Potions
 j - a potion of brilliance {unknown}
 l - a potion of lignification
 u - a potion of haste {unknown}


   Skills:
 + Level 3.7 Fighting
 + Level 3.3 Short Blades
 * Level 2.5 Armour
 + Level 3.3 Dodging
 - Level 1.7 Stealth


You had 4 spell levels left.
You didn't know any spells.
Your spell library contained the following spells:

 Spells                   Type           Power      Damage    Failure   Level
 Dazzling Flash           Conj/Hex       0%         N/A       54%         3
 Tukima's Dance           Hex            0%         N/A       54%         3
 Ice Form                 Ice/Tmut       0%         N/A       91%         4


Dungeon Overview and Level Annotations

Branches:
Dungeon (4/15)
 Temple: D:4-7

Altars:
Hepliaklqana
Wu Jian

Shops:
D:4 :

Annotations:
D:3 2 transporters


Innate Abilities, Weirdness & Mutations

You are a tree.
Your roots penetrate the ground, keeping you stationary.
You cannot be teleported.
You are immune to unholy pain and torment.
Your maximum health is greatly increased.
Your equipment is partially melded.
((You are partially covered in molten scales. (AC +2)))
You regenerate magic rapidly.
((Your touch may inflict minor irresistible damage on your foes.))


Message History

A magic dart appears from out of thin air!
The magic dart hits you but does no damage.
You swing at nothing.
The orc hits you but does no damage. x2
Something hits you but does no damage. x2; The orc hits you but does no damage.
You swing at nothing.
You feel less confused.
The orc hits you but does no damage. x2; Something hits you but does no damage.
The orc hits you but does no damage. Something hits you.
* * * LOW HITPOINT WARNING * * *
You closely miss something. The orc hits you but does no damage. x2
You hear some strange, mumbled words.
You are confused.
Something hits you.
* * * LOW HITPOINT WARNING * * *
The orc hits you from afar with a +0 trident.
* * * LOW HITPOINT WARNING * * *
You are too confused!
You barely miss something. You puncture something!
The orc hits you but does no damage. x3
Something hits you but does no damage. x2
You barely miss something.
Your transformation is almost over.
Something hits you.
* * * LOW HITPOINT WARNING * * *
The orc hits you from afar with a +0 trident.
* * * LOW HITPOINT WARNING * * *
The orc hits you but does no damage.
You hear some strange, mumbled words.
A puff of flame appears from out of thin air!
The puff of flame hits you but does no damage.
The orc barely misses you.
You miss something. The orc hits you but does no damage.
Something hits you but does no damage. The orc hits you but does no damage. x2
Something hits you but does no damage.
You barely miss something. Something hits you but does no damage.
The orc hits you from afar with a +0 trident.
* * * LOW HITPOINT WARNING * * *
Something hits you but does no damage.
The orc hits you from afar with a +0 trident.
You die...

..# #...
#....#####...
#....§#..##
####..>.#
###.##
###...##
#......#
#..{.o.##
#.♣.o..#
#.{.o..##
##......#
#......#
##..<...#
#......#
##......#
..$.####
..###


You could see 3 orcs.

Vanquished Creatures
  A phantom (D:4)
  An adder (D:2)
  A worm (D:2)
  2 orcs (D:3)
  7 bats
  4 endoplasms
  2 giant cockroaches (D:1)
  5 goblins
  7 hobgoblins
  4 jackals (D:1)
  A quokka (D:3)
  3 ball pythons
  A frilled lizard (D:2)
  6 kobolds
  6 rats
51 creatures vanquished.

Notes
Turn   | Place    | Note
-------+----------+-------------------------------------------
     0 | D:1      | innerfire433 the Demonspawn Monk began the quest for the
                  | Orb.
     0 | D:1      | Reached XP level 1. HP: 18/18 MP: 1/1
   164 | D:1      | Gained mutation: Your touch may inflict minor irresistible
                  | damage on your foes. [demonic ancestry]
   164 | D:1      | Reached XP level 2. HP: 24/24 MP: 2/2
   196 | D:1      | Reached skill level 1 in Armour
   475 | D:1      | Got Tekker's Commentary on Moulding and Hexing
   814 | D:2      | Reached XP level 3. HP: 26/29 MP: 3/3
  1066 | D:2      | Found a faded altar of an unknown god.
  1066 | D:2      | Noticed a hellion
  1497 | D:3      | Found a transporter.
  1528 | D:3      | Found a transporter.
  1795 | D:4      | Found a hazy altar of Hepliaklqana.
  1925 | D:4      | Found an ornate altar of the Wu Jian Council.
  1958 | D:4      | Found Upsamnoa's Book Boutique.
  1991 | D:4      | Noticed a phantom
  2016 | D:4      | Killed a phantom
  2017 | D:4      | Gained mutation: You are partially covered in molten
                  | scales. (AC +2) [demonic ancestry]
  2017 | D:4      | Reached XP level 4. HP: 11/37 MP: 4/4
  2017 | D:4      | Gained mutation: You regenerate magic rapidly. [demonic
                  | ancestry]
  2017 | D:4      | Reached XP level 5. HP: 12/42 MP: 5/5
  2039 | D:4      | HP: 2/63 [orc/+0 trident (6)]
  2039 | D:4      | Slain by an orc

Illustrated notes

Levels and vault maps discovered:
D:1:      eino_arrival_druids_welcome, layout_loops_ring
D:2:      layout_rooms, dreamdust_ecumenical_altar_sealed_demon,
          minmay_split_cup_large
D:3:      gammafunk_steamed_eel, layout_rooms, chequers_serial_rivers_room_b,
          chequers_jeans
D:4:      layout_cave_pods, nicolae_wu_jian_wuxing_cycle, kennysheep_little_box,
          serial_shops, shop

Skill      XL: |  1  2  3 |
---------------+----------+-----
Armour         | 1 2 |  2.5
Short Blades   | 3 |  3.3
Dodging        | 3 |  3.3
Fighting       | |  3.7
Stealth        | |  1.7

Action                   |  1- 3 |  4- 6 || total
-------------------------+-------+-------++-------
Melee: Short sword       |   164 |    11 ||   175
       Touch             |    16 |       ||    16
  Use: Potion            |     5 |     1 ||     6
 Stab: Sleeping          |     6 |       ||     6
Armor: Robe              |    22 |       ||    22
       Skin              |    40 |    71 ||   111
       Leather armour    |    17 |       ||    17
Dodge: Dodged            |   129 |     9 ||   138

Table legend: (Time is in decaauts)
 A = Elapsed time spent in this place.
 B = Non-inter-level travel time spent in this place.
 C = Inter-level travel time spent in this place.
 D = Time resting spent in this place.
 E = Time spent auto-exploring this place.
 F = Levels seen in this place.
 G = Mean time per level.
                   A        B        C        D        E       F      G
               +--------+--------+--------+--------+--------+-----+--------+
         Total |   2009 |   2009 |      0 |      0 |   1501 |   4 |  502.2 |
       Dungeon |   2009 |   2009 |      0 |      0 |   1501 |   4 |  502.2 |
               +--------+--------+--------+--------+--------+-----+--------+

Top non-repeatable levels by time:
     D:1: 755 daAuts
     D:2: 544 daAuts
     D:3: 408 daAuts
     D:4: 302 daAuts
